 Dungeon Crawl Stone Soup version 0.22-b1-21-g5cfc1688f2 (webtiles) character file.

224 OlSheep the Gusty (level 6, 0/49 HPs)
             Began as a Tengu Air Elementalist on Aug 6, 2018.
             Slain by a centaur zombie (1 damage)
             ... on level 5 of the Dungeon.
             The game lasted 00:21:58 (4158 turns).

OlSheep the Gusty (Tengu Air Elementalist)          Turns: 4158, Time: 00:21:58

Health: 0/49       AC: 23    Str: 10    XL:     6   Next: 0%
Magic:  2/12       EV:  2    Int: 16    God:
Gold:   225        SH:  0    Dex: 14    Spells: 2/12 levels left

rFire    . . .     SeeInvis .   b - +0 dagger (drain)
rCold    . . .     Gourm    .   (no shield)
rNeg     + + +     Faith    .   (armour currently unavailable)
rPois    +         Spirit   .   (helmet currently unavailable)
rElec    .         Reflect  .   (cloak currently unavailable)
rCorr    .         Harm     .   (gloves currently unavailable)
MR       .....     NoTele   +   (boots unavailable)
Stlth    ++........             i - amulet of rage
HPRegen  0.16/turn              (no ring)
MPRegen  0.13/turn              (no ring)

@: tree-form
A: able to fly 1
a: Fly, Evoke Berserk Rage


You were on level 5 of the Dungeon.
You were near starving.
You were a tree.
You visited 1 branch of the dungeon, and saw 5 of its levels.

You collected 225 gold pieces.

Inventory:

Hand Weapons
 b - a +0 dagger of draining (weapon)
 l - a +0 hand axe of venom
Armour
 a - a +1 robe (melded)
Jewellery
 h - an uncursed amulet of guardian spirit
 i - an amulet of rage (around neck)
Wands
 m - a wand of random effects (35)
 r - a wand of disintegration (17)
 s - a wand of clouds (8)
Scrolls
 d - 3 scrolls of teleportation
 e - 3 scrolls of enchant armour
 f - 3 scrolls of magic mapping
 n - 4 scrolls of remove curse
 t - 2 scrolls of enchant weapon {unknown}
Potions
 g - 2 potions of curing
 j - a potion of magic {unknown}
 k - a potion of lignification
 o - a potion of might {unknown}
 p - a potion of mutation {unknown}
 q - a potion of agility
 u - a potion of degeneration {unknown}
Comestibles
 c - 4 rations


   Skills:
 + Level 0.3 Fighting
 - Level 2.1 Dodging
 - Level 2.0 Stealth
 * Level 3.6 Spellcasting
 + Level 2.3 Conjurations
 + Level 6.9 Air Magic


You had 2 spell levels left.
You knew the following spells:

 Your Spells              Type           Power        Failure   Level  Hunger
a - Shock                 Conj/Air       ###.         2%          1    None
b - Swiftness             Chrm/Air       ##......     6%          2    ##.....
c - Airstrike             Air            ####......   11%         4    ####...
d - Mephitic Cloud        Conj/Pois/Air  ##......     16%         3    ###....

Your spell library contained the following spells:

 Spells                   Type           Power        Failure   Level  Hunger
 Magic Dart               Conj           ##..         7%          1    None
 Conjure Flame            Conj/Fire      #.......     32%         3    ###....
 Lightning Bolt           Conj/Air       ###.......   58%         5    ######.
 Slow                     Hex            #.......     26%         2    ##.....
 Blink                    Tloc           N/A          26%         2    ##.....
 Call Imp                 Summ           #.......     26%         2    ##.....
 Static Discharge         Conj/Air       ###.....     8%          3    ###....


Dungeon Overview and Level Annotations

Branches:
Dungeon (5/15)
 Temple: D:4-7

Altars:
Fedhas
Vehumet

Annotations:
D:4 2 runed doors, exclusion: 2 doors, Ijyb; Pikel; Sigmund; Silim's ghost, amateur NaFi


Innate Abilities, Weirdness & Mutations

((You have a beak for a mouth.))
((You have claws for feet.))
You can fly.


Message History

You hit the centaur zombie.
The centaur zombie is severely damaged.
The centaur zombie hits you but does no damage.
You hit the centaur zombie but do no damage.
The centaur zombie is severely damaged.
The centaur zombie hits you.
* * * LOW HITPOINT WARNING * * *
The centaur zombie hits you but does no damage.
You hit the centaur zombie.
The centaur zombie is severely damaged.
The centaur zombie hits you but does no damage.
You hit the centaur zombie.
The centaur zombie is almost destroyed.
The centaur zombie hits you.
* * * LOW HITPOINT WARNING * * *
You hit the centaur zombie.
The centaur zombie is almost destroyed.
The centaur zombie hits you but does no damage.
The centaur zombie hits you.
You die... ######### #♣Z...... #########

You could see a centaur zombie.

Vanquished Creatures
  A slave (D:4)
  A scorpion (D:5)
  A worker ant (D:4)
  A gnoll (D:1)
  5 adders
  An ooze (D:3)
  3 worms
  3 leopard geckos
  5 orcs
  4 giant cockroaches
  5 goblins
  7 hobgoblins
  12 jackals
  7 kobolds
  4 quokkas
  A ball python (D:1)
  6 bats
  6 frilled lizards
  A leopard gecko skeleton (D:4)
  2 rats
76 creatures vanquished.

Notes
Turn   | Place    | Note
-------+----------+-------------------------------------------
     0 | D:1      | OlSheep the Tengu Air Elementalist began the quest for the Orb.
     0 | D:1      | Reached XP level 1. HP: 10/10 MP: 4/4
   255 | D:1      | Reached XP level 2. HP: 11/15 MP: 0/6
   718 | D:1      | Reached skill level 5 in Air Magic
   785 | D:1      | Reached XP level 3. HP: 19/19 MP: 4/7
   817 | D:1      | Learned a level 2 spell: Swiftness
  1898 | D:2      | Reached skill level 6 in Air Magic
  1898 | D:2      | Reached XP level 4. HP: 20/24 MP: 2/8
  2470 | D:2      | Learned a level 4 spell: Airstrike
  2662 | D:3      | Found a radiant altar of Vehumet.
  2818 | D:3      | Found a blossoming altar of Fedhas.
  3233 | D:4      | Found a large runed door.
  3233 | D:4      | Found a large runed door.
  3270 | D:4      | Noticed Silim's ghost (amateur NaFi)
  3302 | D:4      | Gained mutation: You can fly. [Tengu growth]
  3302 | D:4      | Reached XP level 5. HP: 26/28 MP: 5/10
  3383 | D:4      | Noticed Sigmund
  3531 | D:3      | Learned a level 3 spell: Mephitic Cloud
  3675 | D:4      | Noticed Ijyb
  4019 | D:4      | Noticed a slave
  4035 | D:4      | Killed a slave
  4074 | D:4      | Noticed Pikel
  4095 | D:4      | Noticed a slave
  4127 | D:5      | Entered Level 5 of the Dungeon
  4138 | D:5      | Reached XP level 6. HP: 12/33 MP: 0/12
  4157 | D:5      | HP: 1/49 [centaur zombie (5)]
  4158 | D:5      | Slain by a centaur zombie

Skill      XL: |  1  2  3  4  5 |
---------------+----------------+-----
Air Magic      | 5 6 |  6.9
Spellcasting   | 3 |  3.6
Conjurations   | 2 |  2.3
Fighting       | |  0.3
Dodging        | |  2.1
Stealth        | |  2.0

Action                   |  1- 3 |  4- 6 || total
-------------------------+-------+-------++-------
Melee: Dagger            |    17 |    29 ||    46
       Kick              |     4 |     2 ||     6
       Peck              |       |     1 ||     1
 Cast: Shock             |    70 |    98 ||   168
       Swiftness         |       |     2 ||     2
       Mephitic Cloud    |       |     2 ||     2
  Use: Scroll            |     5 |     4 ||     9
       Potion            |       |     1 ||     1
 Stab: Confused          |       |     1 ||     1
  Eat: Chunk             |     4 |     6 ||    10
Armor: Robe              |     4 |    12 ||    16
       Skin              |       |    20 ||    20
Dodge: Dodged            |    24 |    36 ||    60
